 Dungeon Crawl Stone Soup version 0.29-a0-334-gb41bcbb86e (webtiles) character file.

Game seed: 14550303499997242908

445 jlumianski the Chopper (level 6, -4/48 HPs)
             Began as a Demonspawn Fighter on Apr 14, 2022.
             Killed by divine providence
             ... invoked by an orc priest
              (16 damage)
             ... on level 5 of the Dungeon.
             The game lasted 00:09:07 (3534 turns).

jlumianski the Chopper (Demonspawn Fighter)         Turns: 3534, Time: 00:09:08

Health: -4/48      AC: 15    Str: 19    XL:     6   Next: 72%
Magic:  6/6        EV: 11    Int: 12    God:
Gold:   226        SH: 13    Dex: 12    Spells: 5/5 levels left

rFire   + + .      SeeInvis +   a - +0 war axe
rCold   x . .      Faith    .   q - +0 kite shield
rNeg    . . .      Spirit   .   k - +0 fire dragon scales
rPois   .          Reflect  +   f - +1 helmet of Fedhas's Felicitations {Int+3 SInv}
rElec   .          Harm     .   m - +2 cloak
rCorr   .          Rampage  .   (no gloves)
Will    .....                   (no boots)
Stlth   ..........              i - amulet of reflection
HPRegen 0.16/turn               p - +4 ring of evasion
MPRegen 0.10/turn               (no ring)

@: no status effects
A: hooves 1, rugged brown scales 1, ignite blood 1
a: no special abilities


You were on level 5 of the Dungeon.
You visited 1 branch of the dungeon, and saw 6 of its levels.

You collected 226 gold pieces.

Inventory:

Hand Weapons
 a - a +0 war axe (weapon)
Missiles
 e - 98 stones (quivered)
Armour
 b - a +0 scale mail
 c - a +0 buckler
 f - the +1 helmet of Fedhas's Felicitations (worn) {Int+3 SInv}
   (You acquired it on level 1 of the Dungeon)

   Int:       It affects your intelligence (+3).
   SInv:      It lets you see invisible.
 j - a +0 plate armour
 k - +0 fire dragon scales (worn)
 m - a +2 cloak (worn)
 q - a +0 kite shield (worn)
Jewellery
 i - an amulet of reflection (around neck)
 p - a +4 ring of evasion (left hand)
 s - an amulet of regeneration
Wands
 t - a wand of iceblast (9)
Scrolls
 g - 2 scrolls of teleportation
 h - a scroll of identify
Potions
 d - a potion of might
 l - 2 potions of degeneration
 n - a potion of berserk rage
 o - a potion of heal wounds {unknown}
 r - a potion of curing


   Skills:
 + Level 3.5 Fighting
 + Level 4.6 Axes
 + Level 0.1 Throwing
 + Level 4.0 Armour
 + Level 1.1 Dodging
 + Level 0.8 Stealth
 + Level 3.6 Shields


You had 5 spell levels left.
You didn't know any spells.
Your spell library contained the following spells:

 Spells                   Type           Power      Damage    Failure   Level
 Static Discharge         Conj/Air       0%         N/A       99%         2
 Dispel Undead            Necr           0%         3d6       100%        4
 Sticky Flame             Conj/Fire      0%         2d3       100%        4


Dungeon Overview and Level Annotations

Branches:
Dungeon (6/15)
 Temple: D:4-7

Altars:
Trog
Xom

Shops:
D:2 *


Innate Abilities, Weirdness & Mutations

You have large cloven feet.
You are partially covered in rugged brown scales. (AC +1, +3% HP)
Your demonic aura sometimes causes spilled blood to erupt in flames.


Message History

The jackal barks! x2
A jackal comes into view.
A jackal comes into view.
The jackal barks! x2; You hear a shout!
You see here 16 gold pieces.
Found a scroll labelled YPUNWOECZI and a scroll of teleportation.
The jackal bites you but does no damage.
An orc priest comes into view. It is wielding a +0 mace.
You block the jackal's attack. The jackal closely misses you.
The jackal bites you but does no damage.
You hit the jackal. You kick the jackal, but do no damage.
The jackal is severely wounded.
You hit the jackal. You barely miss the jackal. You closely miss the jackal.
The jackal is engulfed in blazing flames.
You kill the jackal!
You block the jackal's attack. x2; The jackal closely misses you.
The orc priest calls down the wrath of Beogh upon you.
Beogh smites you!
The jackal bites you but does no damage. x3
You barely miss the jackal. Your kick misses the jackal.
The jackal is severely wounded.
You closely miss the jackal. You hit the jackal but do no damage.
You block the jackal's attack. The jackal barely misses you.
The jackal closely misses you.
The orc priest invokes the aid of Beogh against you.
Beogh smites you!
* * * LOW HITPOINT WARNING * * *
The jackal bites you but does no damage.
The jackal barely misses you.
The jackal bites you but does no damage.
You hit the jackal.
You kill the jackal!
You slash the jackal!
You kill the jackal!
You hit the jackal.
You kill the jackal!
An orc comes into view. It is wielding a +0 club.
The orc priest mumbles some strange prayers to Beogh against you.
Beogh smites you!
You die...

..#....####
#.#.......##
#..........##
#...........# #
#...........## .#
#............##.#####
#....................
#...........$@†.....?
#.............†.....?
##.#.................
# #
#.>...........?... #
#................. ..
#................. .
###...........o...
#.##.....#..o... ...
....#


You could see an orc priest and an orc (wandering).

Vanquished Creatures
  A black bear (D:4)
  3 scorpions
  2 orc priests (D:4)
  An orc wizard (D:4)
  3 adders
  A gnoll (D:4)
  3 dart slugs
  5 orcs (D:4)
  5 ball pythons
  3 endoplasms
  A giant cockroach (D:2)
  2 goblins
  6 hobgoblins
  7 jackals
  4 kobolds
  3 quokkas (D:1)
  3 bats
  4 frilled lizards (D:1)
  5 rats
62 creatures vanquished.

Notes
Turn   | Place    | Note
-------+----------+-------------------------------------------
     0 | D:1      | jlumianski the Demonspawn Fighter began the quest for the
                  | Orb.
     0 | D:1      | Reached XP level 1. HP: 18/18 MP: 1/1
   553 | D:1      | Gained mutation: You have large cloven feet. [demonic
                  | ancestry]
   553 | D:1      | Reached XP level 2. HP: 18/24 MP: 2/2
  1379 | D:1      | Identified a scroll of acquirement
  1379 | D:1      | Acquired the +1 helmet of Fedhas's Felicitations {Int+3
                  | SInv}
  1462 | D:2      | Gained mutation: Your demonic aura sometimes causes spilled
                  | blood to erupt in flames. [demonic ancestry]
  1462 | D:2      | Reached XP level 3. HP: 29/29 MP: 3/3
  1505 | D:3      | Found a faded altar of an unknown god.
  1696 | D:3      | Found a shimmering altar of Xom.
  1697 | D:3      | Found a bloodstained altar of Trog.
  1886 | D:2      | Found Zaenoryxotz's General Store.
  2843 | D:4      | Noticed a scorpion
  2857 | D:4      | Killed a scorpion
  2858 | D:4      | Reached XP level 4. HP: 18/35 MP: 4/4
  3024 | D:4      | Noticed a black bear
  3034 | D:4      | Killed a black bear
  3035 | D:4      | Reached XP level 5. HP: 28/41 MP: 5/5
  3186 | D:4      | Reached skill level 1 in Dodging
  3202 | D:4      | Gained mutation: You are partially covered in rugged brown
                  | scales. (AC +1, +3% HP) [demonic ancestry]
  3202 | D:4      | Reached XP level 6. HP: 41/48 MP: 6/6
  3401 | D:5      | Entered Level 5 of the Dungeon
  3534 | D:5      | Killed from afar by an orc priest

Illustrated notes

Levels and vault maps discovered:
D:1:      dpeg_arrival_snail, layout_loops_corners
D:2:      layout_basic, serial_shops, shop, amethyst_killhole
D:3:      layout_basic, mainiacjoe_overflow_divided_tiny,
          shapermc_ecumenical_altar_notcrosses
D:4:      minmay_inner_zag, layout_gridville, mainiacjoe_overflow_cross_hatched,
          mainiacjoe_overflow_paths, minmay_temple_entry_trees, serial_shops,
          nicolae_shop_stone
D:5:      layout_rooms
D:6:      layout_loops_ring

Skill      XL: |  1  2  3  4  5  6 |
---------------+-------------------+-----
Shields        | 3 |  3.6
Axes           | 2 3 4 |  4.6
Armour         | 3 4 |  4.0
Dodging        | 1 |  1.1
Fighting       | |  3.5
Throwing       | |  0.1
Stealth        | |  0.8

Action                   |  1- 3 |  4- 6 || total
-------------------------+-------+-------++-------
Melee: War axe           |   111 |    53 ||   164
       Kick              |    14 |    14 ||    28
Throw: Stone             |     2 |     1 ||     3
  Use: Scroll            |     9 |       ||     9
       Potion            |     1 |     1 ||     2
Armor: Scale mail        |    22 |       ||    22
       Plate armour      |    16 |       ||    16
       Fire dragon scale |    15 |    32 ||    47
Dodge: Dodged            |    38 |    25 ||    63
Block: Buckler           |    41 |    14 ||    55
       Kite shield       |       |    29 ||    29
       Reflection        |       |     1 ||     1

Table legend: (Time is in decaauts)
 A = Elapsed time spent in this place.
 B = Non-inter-level travel time spent in this place.
 C = Inter-level travel time spent in this place.
 D = Time resting spent in this place.
 E = Time spent auto-exploring this place.
 F = Levels seen in this place.
 G = Mean time per level.
                   A        B        C        D        E       F      G
               +--------+--------+--------+--------+--------+-----+--------+
         Total |   3612 |   3474 |    138 |    211 |   2251 |   6 |  602.0 |
       Dungeon |   3612 |   3474 |    138 |    211 |   2251 |   6 |  602.0 |
               +--------+--------+--------+--------+--------+-----+--------+

Top non-repeatable levels by time:
     D:1: 1464 daAuts
     D:3: 939 daAuts
     D:4: 612 daAuts
     D:2: 475 daAuts
     D:5: 117 daAuts
     D:6: 4 daAuts
